 Dungeon Crawl Stone Soup version 0.26.0-10-g1f06aea511 (webtiles) character file.

Game seed: 3597681807851837039

84 Borgoz the Slasher (level 4, 0/38 HPs)
             Began as a Ghoul Gladiator on Jan 18, 2021.
             Slain by Sigmund
             ... wielding a +0 scythe
              (10 damage)
             ... on level 3 of the Dungeon.
             The game lasted 00:01:45 (2573 turns).

Borgoz the Slasher (Ghoul Gladiator)                Turns: 2573, Time: 00:01:45

Health: 0/38       AC:  4    Str: 14 (17) XL:     4   Next: 45%
Magic:  3/3        EV: 12    Int:  2 (3)  God:
Gold:   142        SH:  0    Dex:  8 (11) Spells: 3/3 levels left

rFire    . . .     SeeInvis .   a - +0 long sword
rCold    + . .     Faith    .   (no shield)
rNeg     + + +     Spirit   .   b - +0 leather armour
rPois    ∞         Reflect  .   c - +0 helmet
rElec    .         Harm     .   (no cloak)
rCorr    .         Rampage  .   (no gloves)
Will     .....                  (no boots)
Stlth    +.........             (no amulet)
HPRegen  0.00/turn              (no ring)
MPRegen  0.08/turn              (no ring)

@: brilliant
A: claws 1, cold resistance 1, negative energy resistance 3, inhibited
regeneration, torment resistance, unbreathing
a: no special abilities


You were on level 3 of the Dungeon.
You visited 1 branch of the dungeon, and saw 3 of its levels.

You collected 142 gold pieces.

Inventory:

Hand Weapons
 a - a +0 long sword (weapon)
Missiles
 d - 3 throwing nets (quivered)
Armour
 b - a +0 leather armour (worn)
 c - a +0 helmet (worn)
Wands
 p - a wand of digging (5)
Scrolls
 e - a scroll of amnesia {unknown}
 h - 3 scrolls of teleportation {unknown}
 i - a scroll of fog {unknown}
 k - a scroll of enchant armour {unknown}
 l - 2 scrolls of blinking {unknown}
 o - 2 scrolls of magic mapping {unknown}
Potions
 f - a potion of curing
 m - a potion of magic


   Skills:
 + Level 3.0 Fighting
 * Level 3.6 Long Blades
 - Level 1.7 Throwing
 + Level 1.2 Armour
 + Level 3.1 Dodging


You had 3 spell levels left.
You didn't know any spells.
Your spell library contained the following spells:

 Spells                   Type           Power        Failure   Level
 Sandblast                Erth           0%           63%         1
 Passwall                 Tmut/Erth      0%           77%         2
 Stone Arrow              Conj/Erth      0%           94%         3
 Petrify                  Tmut/Erth      0%           100%        4
 Lee's Rapid Deconstruct  Erth           0%           100%        5


Dungeon Overview and Level Annotations

Branches:
Dungeon (3/15)

Altars:
Fedhas
Xom

Annotations:
D:3 Sigmund


Innate Abilities, Weirdness & Mutations

You thrive by killing the living.
You are immune to poison.
You have sharp fingernails.
Your flesh is cold resistant. (rC+)
You are immune to negative energy. (rN+++)
You do not regenerate when monsters are visible.
You are immune to unholy pain and torment.
You can survive without breathing.


Message History

You hit something. Something hits you!
You miss something. Something hits you.
You barely miss something. Something hits you!
* * * LOW HITPOINT WARNING * * *
You feel much better.
You miss something. Something hits you.
You miss something. Something hits you.
You barely miss something. Something barely misses you.
You hit something. Something hits you.
You closely miss something. You miss something. Something hits you!
* * * LOW HITPOINT WARNING * * *
You feel much better. Something completely misses you.
You closely miss something. Something hits you but does no damage.
You miss something. Something barely misses you.
You hit something. You miss something. Something hits you!
* * * LOW HITPOINT WARNING * * *
You closely miss something. Something hits you!
You die...

##### #####
....########...#
########.............#
###................#...#
.<....{@.........[.....#
...#####............####
#............#
##.....)....##
##...#....##
########.....#
......##..b..# ..
#.....b..# ... ##.
####.....#.#..


There were no monsters in sight!

Vanquished Creatures
  3 adders
  A shadow imp (D:2)
  2 worms
  4 bats
  2 giant cockroaches
  9 goblins
  6 hobgoblins
  5 kobolds
  3 frilled lizards
  8 rats
43 creatures vanquished.

Notes
Turn   | Place    | Note
-------+----------+-------------------------------------------
     0 | D:1      | Borgoz the Ghoul Gladiator began the quest for the Orb.
     0 | D:1      | Reached XP level 1. HP: 17/17 MP: 0/0
   315 | D:1      | Reached XP level 2. HP: 25/25 MP: 1/1
   935 | D:2      | Reached XP level 3. HP: 22/30 MP: 2/2
  1241 | D:2      | Reached skill level 1 in Armour
  1919 | D:3      | Found a blossoming altar of Fedhas.
  1930 | D:3      | Reached XP level 4. HP: 15/37 MP: 3/3
  2194 | D:3      | Found a shimmering altar of Xom.
  2547 | D:3      | Noticed Sigmund
  2573 | D:3      | Slain by Sigmund

Illustrated notes

Levels and vault maps discovered:
D:1:      lightli_arrival_lavapool, layout_basic, chequers_serial_rivers_micro_b
D:2:      layout_loops_corners
D:3:      layout_rooms, nicolae_overflow_crystal_walls, xom_butterflies,
          uniq_sigmund

Skill      XL: |  1  2  3  4 |
---------------+-------------+-----
Long Blades    | 3 |  3.6
Dodging        | 3 |  3.1
Armour         | 1 |  1.2
Fighting       | 3 |  3.0
Throwing       | |  1.7

Action                   |  1- 3 |  4- 6 || total
-------------------------+-------+-------++-------
Melee: Long sword        |   102 |    67 ||   169
  Use: Potion            |       |     7 ||     7
Armor: Leather armour    |    26 |    17 ||    43
Dodge: Dodged            |    70 |    43 ||   113
       Rpst.: Long sword |    28 |    18 ||    46
